 Dungeon Crawl Stone Soup version 0.28.0 (webtiles) character file.

Game seed: 5523589878929764120

10427 ProzacElf the Grappler (level 11, -4/93 HPs)
             Began as a Troll Hedge Wizard on Feb 4, 2022.
             Was a High Priest of Dithmenos.
             Slain by a six-headed hydra (7 damage)
             ... on level 1 of the Lair of Beasts.
             The game lasted 00:39:53 (9837 turns).

ProzacElf the Grappler (Troll Hedge Wizard)         Turns: 9837, Time: 00:39:53

Health: -4/93      AC:  9    Str: 20    XL:     11   Next: 36%
Magic:  22/22      EV: 11    Int: 14    God:    Dithmenos [*****.]
Gold:   363        SH:  0    Dex: 15    Spells: 6/14 levels left

rFire   . . .      SeeInvis .   b - +2 giant spiked club "Xacuis" {speed, Contam Will++}
rCold   . . .      Faith    .   (shield currently unavailable)
rNeg    . . .      Spirit   .   N - +0 acid dragon scales
rPois   .          Reflect  .   c - +1 hat
rElec   .          Harm     .   (no cloak)
rCorr   +          Rampage  .   (gloves unavailable)
Will    ++...                   (boots unavailable)
Stlth   ++........              A - amulet of the acrobat
HPRegen 1.05/turn               y - ring of magical power
MPRegen 0.18/turn               I - +6 ring of dexterity

@: lethally poisoned (-4 -> -7), wreathed by umbra, invisible
A: large, unfitting armour, claws 3, regeneration 1, shaggy fur 1, tough skin 1
a: Renounce Religion, Shadow Step, Shadow Form


You were on level 1 of the Lair of Beasts.
You worshipped Dithmenos.
Dithmenos was extremely pleased with you.
You visited 3 branches of the dungeon, and saw 12 of its levels.
You also visited: Bailey.

You collected 653 gold pieces.
You spent 290 gold pieces at shops.

Inventory:

Hand Weapons
 b - the +2 giant spiked club "Xacuis" (weapon) {speed, Contam Will++}
   (You acquired it on level 7 of the Dungeon)

   Attacks with this weapon are significantly faster.
   Contam:    It causes magical contamination when unequipped.
   Will:      It greatly increases your willpower.
Missiles
 k - 2 curare-tipped darts (quivered)
 p - 22 poisoned darts
 E - a throwing net
 H - 3 boomerangs
 M - 3 silver boomerangs
Armour
 a - a +2 robe of resistance
 c - a +1 hat (worn)
 N - +0 acid dragon scales (worn)
Jewellery
 x - a ring of resist corrosion
 y - a ring of magical power (left claw)
 A - an amulet of the acrobat (around neck)
 I - a +6 ring of dexterity (right claw)
Wands
 e - a wand of charming (3)
 v - a wand of flame (16)
 C - a wand of iceblast (35)
 O - a wand of paralysis (4)
Scrolls
 h - 3 scrolls of enchant armour
 q - a scroll of immolation {unknown}
 r - 3 scrolls of enchant weapon
 t - 4 scrolls of teleportation
 u - 4 scrolls of fog
 G - 2 scrolls of fear {unknown}
 K - a scroll of blinking {unknown}
 L - a scroll of torment {unknown}
 P - a scroll of brand weapon {unknown}
Potions
 d - a potion of might
 f - 5 potions of cancellation
 g - 3 potions of attraction {unknown}
 j - 2 potions of berserk rage {unknown}
 l - 2 potions of invisibility
 m - a potion of magic
 n - 2 potions of curing
 o - 2 potions of resistance {unknown}
 s - a potion of heal wounds
 w - a potion of haste
 z - a potion of lignification {unknown}
 D - a potion of brilliance {unknown}


   Skills:
 + Level 2.2 Fighting
 + Level 6.5 Maces & Flails
 - Level 5.0 Throwing
 - Level 5.0 Dodging
 - Level 1.0 Stealth
 - Level 14.0 Unarmed Combat
 - Level 2.0 Spellcasting
 - Level 0.6 Conjurations
 - Level 0.6 Summonings
 - Level 0.6 Translocations
 - Level 5.0 Invocations


You had 6 spell levels left.
You knew the following spells:

 Your Spells              Type           Power      Damage    Failure   Level
a - Magic Dart            Conj           12%        1d3       24%         1
b - Call Imp              Summ           3%         N/A       36%         2
c - Static Discharge      Conj/Air       2%         N/A       38%         2
o - Blink                 Tloc           6%         N/A       36%         2
v - Slow                  Hex            4%         N/A       30%         1

Your spell library contained the following spells:

 Spells                   Type           Power      Damage    Failure   Level
 Shock                    Conj/Air       8%         1d3       28%         1
 Ensorcelled Hibernation  Hex/Ice        2%         N/A       43%         2
 Conjure Flame            Conj/Fire      2%         6-21      63%         3
 Dazzling Flash           Conj/Hex       4%         N/A       63%         3
 Mephitic Cloud           Conj/Pois/Air  1%         N/A       65%         3
 Blade Hands              Tmut           0%         N/A       100%        5
 Fireball                 Conj/Fire      1%         3d3       100%        5
 Irradiate                Conj/Tmut      1%         3d14      100%        5
 Iskenderun's Battlesphe  Conj           3%         2d6       100%        5
 Lightning Bolt           Conj/Air       1%         1d12      100%        5
 Conjure Ball Lightning   Conj/Air       1%         3x3d6     100%        6
 Dragon Form              Tmut           0%         N/A       100%        7
 Orb of Destruction       Conj           1%         9d5       100%        7
 Maxwell's Capacitive Co  Air            0%         ∞         100%        8


Dungeon Overview and Level Annotations

Branches:
Dungeon (10/15)            Temple (1/1) D:4            Lair (1/6) D:8
 Bailey (visited)
    Orc: D:9-12

Altars:
Ashenzari
Cheibriados
Dithmenos
Elyvilon
Fedhas
Gozag
Hepliaklqana
Kikubaaqudgha
Makhleb
Nemelex Xobeh
Okawaru
Qazlal
Ru
Sif Muna
Trog
Uskayaw
Vehumet
Wu Jian
Xom
Yredelemnul
Zin
The Shining One
Beogh

Shops:
D:3 (   D:6 **[*

Annotations:
D:7 1 exclusion
D:9 3 runed translucent doors, airbud's ghost, novice MiBe


Innate Abilities, Weirdness & Mutations

You are too large for most types of armour.
You have claws for hands.
Your natural rate of healing is unusually fast.
You are covered in fur. (AC +1)
You have tough skin. (AC +1)


Message History

Cast which spell? (? or * ta list) Okay, than.
Ye closely miss tha cane toad.
Tha cane toad be lightly wounded.
Tha cane toad stin's ye!
Ye take 13 damage, an' haf 68/93 hp.
Ye closely miss tha cane toad.
Tha cane toad be lightly wounded.
Tha cane toad barely misses ye.
Ye impale tha cane toad!!
Tha cane toad be severely wounded.
Tha cane toad stin's ye!
Ye be poison'd.
Tha cane toad poisons ye!
Ye take 8 damage, an' haf 61/93 hp.
Ye barely miss tha six-headed hydra.
Ye feel very sick.
Ye take 4 damage, an' haf 57/93 hp.
Ye impale tha six-headed hydra!!
Tha six-headed hydra be moderately wounded.
Yer shadow barely misses tha six-headed hydra.
Ye feel very sick.
Tha six-headed hydra bites ye!
Tha six-headed hydra completely misses ye.
Tha six-headed hydra bites ye!
* * * LOW HITPOINT WARNIN'
* * * Tha six-headed hydra barely misses ye.
Tha six-headed hydra bites ye but does nay damage.
Tha six-headed hydra bites ye.
* * * LOW HITPOINT WARNIN'
* * * Ye take 36 damage, an' haf 21/93 hp.
MASSIVE DAMAGE!!
Okay, than.
Ye fade inta invisibility!
Ye feel very sick.
Tha six-headed hydra bites ye.
* * * LOW HITPOINT WARNIN'
* * * Tha six-headed hydra bites ye!
* * * LOW HITPOINT WARNIN'
* * * Tha six-headed hydra bites ye!
Ye die...

##..P..........#
#....#P###....#
#...#### ##...#
##...# ##...#
#....# #....##
##...# ###.....#
#...####.##...##
#.............#
.#@.........#
#..D###.##....P#
#..F #####...##
#... #...# #...
#(..# #... ....#
.... ...# .....


You could see a six-headed hydra and a cane toad.

Vanquished Creatures
  A hydra (Lair:1)
  A two-headed ogre (D:9)
  A gargoyle (D:7)
  Psyche (D:9)
  2 kobold demonologists
  Grinder (D:6)
  A shadow (D:9)
  An air elemental (D:10)
  A water elemental (D:10)
  A wyvern (D:7)
  A fire elemental (D:10)
  9 yaks (D:9)
  A steam dragon (D:7)
  An acid dragon (D:9)
  Duvessa (D:6)
  4 orc warriors
  2 sky beasts
  2 necrophages (D:6)
  An ogre (D:6)
  8 centaurs
  A phantom (D:4)
  3 kobold brigands
  4 bullfrogs
  An earth elemental (D:10)
  A gnoll sergeant (D:9)
  2 scorpions
  2 wyvern skeletons
  A water moccasin skeleton (D:7)
  Dowan (D:6)
  5 wights
  5 howler monkeys
  6 centaur zombies
  A hound (D:4)
  3 jellies
  4 orc priests
  A bullfrog skeleton (D:3)
  A gnoll shaman (D:6)
  2 iguanas
  14 orc wizards
  A killer bee zombie (D:8)
  A hound zombie (D:5)
  3 howler monkey zombies
  9 gnolls
  9 adders
  An ufetubus (D:4)
  A worm (D:3)
  4 dart slugs
  38 orcs
  A bat (D:2)
  8 endoplasms
  A giant cockroach (D:2)
  6 goblins
  8 hobgoblins
  3 jackals (D:1)
  17 kobolds
  5 quokkas
  10 ball pythons
  2 frilled lizards (D:1)
  7 rats
234 creatures vanquished.

Vanquished Creatures (others)
  An orc (D:7)
  A fungus (Lair:1)
  6 plants (D:4)
8 creatures vanquished.

Grand Total: 242 creatures vanquished

Notes
Turn   | Place    | Note
-------+----------+-------------------------------------------
     0 | D:1      | ProzacElf the Troll Hedge Wizard began the quest for the
                  | Orb.
     0 | D:1      | Reached XP level 1. HP: 16/16 MP: 2/2
    76 | D:1      | Reached skill level 1 in Unarmed Combat
    82 | D:1      | Reached XP level 2. HP: 24/24 MP: 4/4
   499 | D:1      | Reached XP level 3. HP: 30/31 MP: 5/5
   690 | D:2      | Found a faded altar of an unknown god.
   697 | D:2      | Prayed at the altar of an unknown god.
   697 | D:2      | Became a worshipper of Dithmenos the Shadowed
   697 | D:2      | Reached * piety under Dithmenos
   744 | D:2      | Reached skill level 2 in Unarmed Combat
   940 | D:2      | Reached XP level 4. HP: 34/39 MP: 6/6
   948 | D:2      | Learned a level 2 spell: Blink
   951 | D:2      | Learned a level 2 spell: Call Imp
   953 | D:2      | Learned a level 1 spell: Slow
  1301 | D:2      | Reached skill level 3 in Unarmed Combat
  1483 | D:3      | Reached ** piety under Dithmenos
  1548 | D:3      | Reached XP level 5. HP: 40/45 MP: 7/7
  1605 | D:3      | Found Cuocelug's Weapon Shoppe.
  2130 | D:4      | Noticed a phantom
  2142 | D:4      | Killed a phantom
  2143 | D:4      | Reached skill level 4 in Unarmed Combat
  2269 | D:4      | Reached XP level 6. HP: 52/53 MP: 8/8
  2757 | D:4      | Found a staircase to the Ecumenical Temple.
  2765 | Temple   | Entered the Ecumenical Temple
  3599 | D:5      | Entered Level 5 of the Dungeon
  3873 | D:5      | Reached skill level 5 in Unarmed Combat
  3873 | D:5      | Reached XP level 7. HP: 40/59 MP: 9/9
  4185 | D:6      | Found a burning altar of Makhleb.
  4255 | D:6      | Noticed Grinder
  4279 | D:6      | Killed Grinder
  4280 | D:6      | Reached skill level 5 in Dodging
  4280 | D:6      | Reached skill level 6 in Unarmed Combat
  4335 | D:6      | Found Aluopp's Antique Armour Shoppe.
  4338 | D:6      | Bought a runed robe for 99 gold pieces
  4355 | D:6      | Found Ikoenaar's General Store.
  4362 | D:6      | Bought a scroll of identify for 28 gold pieces
  4362 | D:6      | Bought a potion of might for 56 gold pieces
  4363 | D:6      | Noticed Duvessa
  4363 | D:6      | Noticed Dowan
  4389 | D:6      | Killed Duvessa
  4405 | D:6      | Reached skill level 7 in Unarmed Combat
  4407 | D:6      | Killed Dowan
  4408 | D:6      | Reached XP level 8. HP: 39/67 MP: 10/10
  4551 | D:6      | Reached skill level 1 in Invocations
  4573 | D:6      | Reached *** piety under Dithmenos
  4820 | D:6      | Reached skill level 8 in Unarmed Combat
  4910 | D:6      | Found Yreckodo's General Store.
  5275 | D:6      | Found Siuplahi's Assorted Antiques.
  5278 | D:6      | Bought a purple potion for 19 gold pieces
  5278 | D:6      | Bought a scroll of identify for 44 gold pieces
  5278 | D:6      | Bought a scroll of identify for 44 gold pieces
  5279 | D:6      | Reached skill level 14 in Unarmed Combat
  5279 | D:6      | Reached XP level 9. HP: 74/74 MP: 11/11
  5340 | D:7      | Identified a scroll of acquirement
  5340 | D:7      | Acquired the +2 giant spiked club "Xacuis" {speed, Contam
                  | Will++}
  5353 | D:7      | Found a flagged portal.
  5363 | Bailey   | Entered a bailey
  5694 | D:7      | Reached skill level 1 in Maces & Flails
  5694 | D:7      | Reached skill level 1 in Throwing
  5909 | D:7      | Noticed a gargoyle
  5918 | D:7      | Killed a gargoyle
  5919 | D:7      | Reached XP level 10. HP: 34/81 MP: 12/12
  7198 | D:8      | Reached **** piety under Dithmenos
  7374 | D:8      | Found a staircase to the Lair.
  7796 | D:9      | Reached skill level 5 in Invocations
  7865 | D:9      | Noticed a two-headed ogre
  7902 | D:9      | Killed a two-headed ogre
  7929 | D:9      | Reached XP level 11. HP: 86/88 MP: 13/13
  8133 | D:9      | Found a runed translucent gate.
  8172 | D:9      | Reached skill level 5 in Throwing
  8178 | D:9      | Reached skill level 5 in Maces & Flails
  8274 | D:9      | Noticed Psyche
  8276 | D:9      | Killed Psyche
  8615 | D:9      | Found a runed translucent gate.
  8616 | D:9      | Found a runed translucent gate.
  8618 | D:9      | Noticed airbud's ghost (novice MiBe)
  8712 | D:10     | Entered Level 10 of the Dungeon
  8854 | D:10     | Reached skill level 1 in Fighting
  8856 | D:10     | Reached ***** piety under Dithmenos
  9037 | D:10     | Learned a level 2 spell: Static Discharge
  9139 | D:10     | Found a large runed translucent door.
  9140 | D:10     | Found a large runed translucent door.
  9273 | D:10     | Got Sif Muna's Compendium of the Bewitching Birds
  9475 | D:10     | Paralysed by an air elemental for 1 turns
  9657 | Lair:1   | Entered Level 1 of the Lair of Beasts
  9657 | Lair:1   | Noticed a five-headed hydra
  9665 | Lair:1   | Killed a five-headed hydra
  9822 | Lair:1   | Noticed a six-headed hydra
  9837 | Lair:1   | HP: 3/93 [six-headed hydra (11)]
  9837 | Lair:1   | Slain by a six-headed hydra

Illustrated notes

Levels and vault maps discovered:
D:1:      lightli_arrival_chessboard, layout_rooms, serial_forest,
          infiniplex_forest_straight_5, infiniplex_forest_straight_5,
          infiniplex_forest_lined_3, infiniplex_forest_corner_1,
          infiniplex_forest_clump_small, minmay_hexomino_p4
D:2:      layout_loops_cross, dilly_ecumenical_altar_fadedgnrine,
          kennysheep_generic_room_10
D:3:      layout_loops_cross, serial_shops, nicolae_shop_bloodbath_and_beyond,
          grunt_ministairs_7
D:4:      layout_layer_cave, minmay_temple_entry_tees, serial_bayou,
          serial_bayou_lagoon_b, serial_bayou_ford_a, serial_bayou_pond_d,
          serial_bayou_pond_e, kennysheep_generic_room_5
D:5:      layout_basic
D:6:      layout_basic, lemuel_crystal_altar, serial_shops, kennysheep_mini,
          nicolae_shop_temple_entry_statues_fountains,
          nicolae_shop_behind_doors, nicolae_shop_trees, uniq_duvessa,
          uniq_grinder
D:7:      cheibrodos_statue_roulette, layout_basic, enter_bailey_3,
          skrybe_limestone_x
D:8:      layout_rooms, lair_entry_dummy
D:9:      minmay_s_stair_smasher, layout_loops_ring, biasface_ghost_orc_armoury,
          uniq_psyche
D:10:     layout_irregular_city, lightli_elemental_guards
Temple:   mainiacjoe_temple_trianglar_array
Lair:1:   layout_concentric_octagons

Skill      XL: |  1  2  3  4  5  6  7  8  9 10 11 |
---------------+----------------------------------+-----
Unarmed Combat | 1 2 3 4 5 7 14 | 14.0
Dodging        | 2 3 4 5 |  5.0
Invocations    | 3 4 5 |  5.0
Maces & Flails | 1 4 6 |  6.5
Throwing       | 1 4 5 |  5.0
Fighting       | 2 |  2.2
Stealth        | |  1.0
Spellcasting   | |  2.0
Conjurations   | |  0.6
Summonings     | |  0.6
Translocations | |  0.6

Action                   |  1- 3 |  4- 6 |  7- 9 | 10-12 || total
-------------------------+-------+-------+-------+-------++-------
Melee: Unarmed           |    97 |   241 |   204 |   270 ||   812
       Punch             |       |     4 |    11 |    29 ||    44
       Giant spiked club |       |       |       |    15 ||    15
Throw: Dart              |       |       |       |     2 ||     2
Evoke: Wand              |       |       |     3 |     1 ||     4
  Use: Potion            |       |       |     3 |     2 ||     5
       Scroll            |       |       |    12 |     3 ||    15
 Stab: Sleeping          |     1 |     1 |     2 |     5 ||     9
       Invisible         |       |       |       |     1 ||     1
       Distracted        |       |       |       |     1 ||     1
Armor: Robe              |    28 |    61 |    35 |    68 ||   192
       Acid dragon scale |       |       |       |     5 ||     5
Dodge: Dodged            |    44 |   110 |   103 |   189 ||   446
